 Seeded DCSS version 0.31-a0-557-g6e16503903 (webtiles) character file.

Game seed: 16161720884980326079 (custom seed)

4 innerfire43 the Trooper (level 1, 19/19 HPs)
             Began as a Draconian Monk on Aug 16, 2023.
             Got out of the dungeon alive.
             The game lasted 00:00:21 (143 turns).

innerfire43 the Trooper (Draconian Monk)             Turns: 143, Time: 00:00:22

Health: 19/19      AC:  4    Str: 13    XL:     1   Next: 58%
Magic:  1/1        EV: 12    Int: 10    God:
Gold:   25         SH:  0    Dex: 13    Spells: 0/0 levels left

rFire   . . .        a - +0 mace
rCold   . . .        c - orb {light}
rNeg    . . .        (body armour unavailable)
rPois   .            (helmet restricted)
rElec   .            (no cloak)
rCorr   .            (no gloves)
SInv    .            (no boots)
Will    .....        (no amulet)
Stlth   +            (no ring)
HPRegen 0.23/turn    (no ring)
MPRegen 0.07/turn

%: no passive effects
@: glowing
A: AC +4, unfitting armour, cold-blooded
a: no special abilities


You escaped.
You visited 1 branch of the dungeon, and saw 1 of its levels.

You collected 25 gold pieces.

Inventory:

Hand Weapons
 a - a +0 mace (weapon)
Armour
 c - an orb of light (worn)
 f - a +0 helmet
Scrolls
 d - a scroll of brand weapon {unknown}
Potions
 b - a potion of ambrosia
 e - a potion of heal wounds {unknown}


   Skills:
 + Level 3.4 Fighting
 + Level 3.1 Maces & Flails
 + Level 2.8 Dodging


You couldn't memorise any spells.
You didn't know any spells.
Your spell library was empty.

Dungeon Overview and Level Annotations

Branches:
Dungeon (1/15)

Altars:


Innate Abilities, Weirdness & Mutations

Your plain brown scales are hard. (AC +4)
You cannot fit into any form of body armour.
You are cold-blooded and may be slowed by cold attacks.


Message History

You hit the quokka.
The quokka is heavily wounded.
The quokka barely misses you.
A quokka is nearby!
You hit the quokka.
You kill the quokka!
HP restored.
You see here a frilled lizard corpse.
You now have 20 gold pieces (gained 12).
You now have 25 gold pieces (gained 5).
An endoplasm comes into view.
The endoplasm quivers.
Found a helmet.
An endoplasm is nearby!
Found a faded altar of an unknown god.
An endoplasm is nearby!
You hit the endoplasm.
The endoplasm is lightly wounded.
The endoplasm barely misses you.
An endoplasm is nearby!
You sock the endoplasm!
You kill the endoplasm!
A dart slug comes into view.
The dart slug moves out of view.
No target in view!
No reachable target in view!
You see here a +0 helmet.
f - a +0 helmet A dart slug is nearby!
A dart slug is nearby!
No reachable target in view!
A dart slug is nearby!
No reachable target in view!
Found a scroll labelled MIGUWK SAOTZ.
No target in view!
No target in view!
There is a stone staircase leading down here.
There is an empty arch of ancient stone here.
There is a staircase leading out of the dungeon here.
You have escaped!

#♣......8.....###
..
#..♣.........[.#
..
#............###
..
#)...........∩.
#............###
#♣............#
#.......♣.....#
#.............#
##.@..........#
##...........∩
##......♣...#
#≈........##
###♣♣######


There were no monsters in sight!

Vanquished Creatures
  An endoplasm (D:1)
  A kobold (D:1)
  A quokka (D:1)
  A frilled lizard (D:1)
4 creatures vanquished.

Notes
Turn   | Place    | Note
-------+----------+-------------------------------------------
     0 | D:1      | innerfire43 the Draconian Monk began the quest for the Orb.
     0 | D:1      | Reached XP level 1. HP: 19/19 MP: 1/1
    86 | D:1      | Found a faded altar of an unknown god.
   143 | D:$      | Got out of the dungeon alive.

Illustrated notes

Levels and vault maps discovered:
D:1:      nzn_arrival_settlement, layout_rooms,
          shapermc_ecumenical_altar_starsandcircs

Action                     || total
---------------------------++-------
  Melee: Mace              ||     7
         Tailslap          ||     1
  Dodge: Dodged            ||     5

Table legend: (Time is in decaauts)
 A = Elapsed time spent in this place.
 B = Non-inter-level travel time spent in this place.
 C = Inter-level travel time spent in this place.
 D = Time resting spent in this place.
 E = Time spent auto-exploring this place.
 F = Levels seen in this place.
 G = Mean time per level.
                   A        B        C        D        E       F      G
               +--------+--------+--------+--------+--------+-----+--------+
         Total |    144 |    103 |     41 |      0 |     70 |   1 |  144.0 |
       Dungeon |    144 |    103 |     41 |      0 |     70 |   1 |  144.0 |
               +--------+--------+--------+--------+--------+-----+--------+

Top non-repeatable levels by time:
     D:1: 144 daAuts
